 Dungeon Crawl Stone Soup version 0.18.1-6-gd335043 (webtiles) character file.

721181 Moloch the Ruinous (level 27, -1/242 HPs)
             Began as a Demonspawn Wizard on May 17, 2016.
             Was the Champion of Vehumet.
             Slain by a reaper
             ... wielding a +5 scythe
             ... summoned by something's death curse
              (44 damage)
             ... on level 22 of a ziggurat on May 18, 2016.
             The game lasted 05:44:47 (62465 turns).

Moloch the Ruinous (Demonspawn Wizard)             Turns: 62465, Time: 05:44:48

Health: -1/242     AC: 24    Str: 11    XL:     27
Magic:  0/74       EV: 12    Int: 37    God:    Vehumet [******]
Gold:   1858       SH:  8    Dex: 18    Spells: 12 memorised, 0 levels left

rFire  + + +     SeeInvis +     c - staff of power
rCold  + + +     Gourm    .     V - +0 robe "Vucw" {rF++ rCorr}
rNeg   + . .     Faith    .     N - +2 buckler {rPois}
rPois  +         Spirit   +     (helmet unavailable)
rElec  +         Dismiss  .     R - +0 cloak "Hylur" {MP+9 Slay+2 SInv}
rCorr  +         Reflect  .     Y - +1 pair of gloves "Foco Duti" {rC+}
SustAt +         Harm     +     f - +2 pair of boots {Stlth+}
MR     +++++     Clarity  +     M - amulet "Zomero" {Harm *Drain Fragile rF+ rC+ Int+2}
Stlth  ++........               p - ring "Ufi Ibas" {*Confuse rF+ MR++ Int+3}
                                F - ring "Orucuf" {SustAt Str+4 Int+3}

@: about to teleport, contaminated, hasted, glowing, studying Maces & Flails,
deflect missiles, very quick, almost entirely resistant to hostile enchantments,
unstealthy
A: antennae 3, hooves 2, thin metallic scales 3, agile 1, clarity, cold
resistance 2, icemail, magic resistance 1, negative energy resistance 1,
regeneration 1, robust 2, shaggy fur 1, 50% torment resistance, magic shield,
magic regeneration, magic link, no device heal 1, black mark, freezing cloud
immunity
a: Renounce Religion
}: 2/15 runes: serpentine, barnacled


You were on level 22 of a ziggurat.
You worshipped Vehumet.
Vehumet was exalted by your worship.
You were very hungry.

You visited 10 branches of the dungeon, and saw 49 of its levels.
You visited 1 bazaar.
You visited 1 ziggurat, and saw 22 of its levels.
You also visited: Labyrinth, Trove and Wizlab.

You collected 6658 gold pieces.
You spent 4800 gold pieces at shops.

Inventory:

Armour
 a - the +9 scale mail of the Clam {*Contam MR+ Dex+7}
   (You found it on level 13 of a ziggurat)

   It affects your dexterity (+7).
   It affects your resistance to hostile enchantments.
   It causes magical contamination when unequipped.
 f - a +2 pair of boots of stealth (worn)
 N - a +2 buckler of poison resistance (worn)
 R - the +0 cloak "Hylur" (worn) {MP+9 Slay+2 SInv}
   (You found it on level 9 of the Dungeon)

   It affects your accuracy and damage with ranged weapons and melee attacks
   (+2).
   It affects your magic capacity (+9).
   It lets you see invisible.
 V - the +0 robe "Vucw" (worn) {rF++ rCorr}
   (You found it on level 14 of a ziggurat)

   It greatly protects you from fire.
   It protects you from acid and corrosion.
 Y - the +1 pair of gloves "Foco Duti" (worn) {rC+}
   (You found it on level 15 of a ziggurat)

   It protects you from cold.
Magical Staves
 c - an uncursed staff of power (weapon)
Jewellery
 e - the amulet "Aruzoiq" {Regen+ Str+6 Int+4}
   (You found it on level 14 of a ziggurat)

   [amulet of regeneration]

   It affects your strength (+6).
   It affects your intelligence (+4).
   It increases your rate of regeneration.
 p - the ring "Ufi Ibas" (right hand) {*Confuse rF+ MR++ Int+3}
   (You took it off a deep elf demonologist on level 3 of the Elven Halls)

   [ring of protection from fire]

   It affects your intelligence (+3).
   It protects you from fire.
   It affects your resistance to hostile enchantments.
   It may confuse you when you take damage.
 F - the ring "Orucuf" (left hand) {SustAt Str+4 Int+3}
   (You found it on level 16 of a ziggurat)

   [ring of sustain attributes]

   It sustains your strength, intelligence and dexterity.
   It affects your strength (+4).
   It affects your intelligence (+3).
 J - an uncursed amulet of regeneration
 M - the amulet "Zomero" (around neck) {Harm *Drain Fragile rF+ rC+ Int+2}
   (You found it on level 11 of a ziggurat)

   [amulet of harm]

   It increases damage dealt and taken.
   It affects your intelligence (+2).
   It protects you from fire.
   It protects you from cold.
   It will be destroyed if unequipped.
 W - an uncursed ring of fire
Wands
 h - a wand of digging (17/24)
 q - a wand of teleportation (1/9)
 G - a wand of hasting (5/9)
Scrolls
 j - 19 scrolls of teleportation
 l - 3 scrolls of blinking
 s - 29 scrolls of remove curse
 t - 5 scrolls of magic mapping
 x - 11 scrolls of enchant weapon
 y - 10 scrolls of identify
 A - 9 scrolls of recharging
 B - 12 scrolls of enchant armour
 I - 5 scrolls of amnesia
 Q - a scroll of silence
 S - 3 scrolls of summoning
Potions
 b - 13 potions of curing
 g - 4 potions of resistance
 i - 5 potions of flight
 n - 9 potions of heal wounds
 o - 3 potions of ambrosia
 r - 6 potions of cancellation
 w - 5 potions of agility
 z - 12 potions of haste
 C - 4 potions of berserk rage
 D - 13 potions of brilliance
 H - 5 potions of invisibility
 K - 5 potions of cure mutation
 X - 4 potions of might
 Z - 2 potions of magic
Books
 k - a manual of Maces & Flails
 T - a Necronomicon

   Spells                             Type                      Level
   a - Haunt                          Necromancy/Summoning         7
   b - Borgnjor's Revivification      Necromancy                   8
   c - Death's Door                   Charms/Necromancy            8
   d - Necromutation                  Transmutation/Necromancy     8
Miscellaneous
 v - an ornate deck of summoning {the Elements}
 E - 2 phantom mirrors
 P - a legendary deck of defence {Fortitude}
Comestibles
 d - 11 bread rations
 m - 6 chunks of flesh
 O - 24 meat rations


   Skills:
 - Level 13.6 Fighting
 - Level 6.0 Armour
 - Level 1.7 Dodging
 - Level 1.7 Stealth
 - Level 5.1 Shields
 - Level 23.6 Spellcasting
 - Level 24.1 Conjurations
 - Level 7.5 Charms
 - Level 1.0 Summonings
 - Level 10.3 Necromancy
 - Level 0.8 Translocations
 - Level 23.6 Fire Magic
 + Level 15.9 Air Magic
   Level 4.0 Poison Magic


You couldn't memorise any spells.
You knew the following spells:

 Your Spells              Type           Power        Failure   Level  Hunger
a - Necromutation         Trmt/Necr      ######....   100%        8    None
b - Death's Door          Chrm/Necr      #######...   89%         8    None
c - Call Imp              Summ           ######..     1%          2    None
d - Tornado               Air            ########..   24%         9    ####...
f - Sublimation of Blood  Necr           #######...   0%          2    None
g - Orb of Destruction    Conj           ########..   1%          7    None
h - Fire Storm            Conj/Fire      ########..   1%          9    ####...
i - Regeneration          Chrm/Necr      #######...   1%          3    None
j - Deflect Missiles      Chrm/Air       #######...   1%          6    None
k - Haste                 Chrm           #######.     4%          6    None
l - Silence               Hex/Air        #######...   1%          5    None
m - Controlled Blink      Tloc           N/A          100%        8    None


Dungeon Overview and Level Annotations

Branches:
Dungeon (15/15)            Temple (1/1) D:6            Lair (8/8) D:9
 Shoals (4/4) Lair:4        Snake (4/4) Lair:6        Slime (4/6) Lair:6
    Orc (2/2) D:11            Elf (3/3) Orc:2        Vaults (4/5) D:14
  Crypt (0/3) Vaults:3     Depths (4/5) D:15

Altars:
Ashenzari
Cheibriados
Dithmenos
Elyvilon
Fedhas
Gozag
Kikubaaqudgha
Makhleb
Nemelex Xobeh
Okawaru
Pakellas
Qazlal
Ru
Sif Muna
Trog
Vehumet
Xom
Yredelemnul
Zin
The Shining One
Jiyva

Shops:
D:9 :   D:11 *   D:12 :   D:13 !   Orc:1 (   Orc:2 }*(:[   Elf:3 }   Snake:2 (
Snake:3 *   Vaults:2 :   Depths:1 *   Depths:3 *

Portals:
Hell: Depths:1 Depths:2 Depths:3 Depths:4
Abyss: Depths:4
Pandemonium: Depths:3 Depths:4

Annotations:
D:7 Joseph
D:12 Liquid's ghost, journeyman SpEn
Shoals:3 exclusion: downstairs
Snake:4 1 exclusion


Innate Abilities, Weirdness & Mutations

You have a pair of large antennae on your head (SInv).
You are completely covered in thin metallic scales (AC +4, rElec).
Your flesh is very cold resistant.
A meltable icy envelope protects you from harm (AC +10).
You resist negative energy.
You are somewhat able to resist unholy torments (1 in 2 success).
When hurt, damage is shared between your health and your magic reserves.
You regenerate magic rapidly.
When low on magic, you restore magic in place of health.
Your melee attacks may debilitate your foes.
You are immune to freezing clouds.
You have hoof-like feet.
You are agile. (Dex +2)
You possess an exceptional clarity of mind.
You are resistant to hostile enchantments.
Your natural rate of healing is unusually fast.
You are very robust (+20% HP).
You are covered in fur (AC +1).
Potions and wands are less effective at restoring your health.


Message History

Your fire vortex dissipates!
The death scarab bites you but does no damage.
You block the bennu's attack. The bennu claws you!
* * * LOW HITPOINT WARNING * * *
The bennu claws you but does no damage. The sun demon hits your fire vortex!!
Your fire vortex is engulfed in flames.
Your fire vortex completely resists.
The greater mummy casts a spell.
Unknown command.
Unknown command.
Drink which item? (? for menu, Esc to quit)
You feel much better.
The death scarab is engulfed in roaring flames.
You block the bennu's attack. The bennu claws you but does no damage.
The bennu claws you.
* * * LOW HITPOINT WARNING * * *
You block the death scarab's attack.
The mummy priest mumbles some strange prayers to its god.
The reaper hits you from afar with an enchanted scythe!!!
You die...

▓▓▓▓▓▓▓▓▓▓▓
§§§§§B§.§.▓
.....§§..§.▓▓
§§Z§§.§..§..▓▓
§vv§§.....§§.▓▓
§Mv§§.......§.▓▓
M§###.......§B.▓▓
v ##......bB@.▓▓
##.....2.b..▓▓ b.
#..§§.§...∩.▓


Mv# {{ ##M§B§.v§...▓▓ v§v# {##.M4§3bvv..▓▓ v§v§###§.42B.§§§.▓▓
§v§§§§...MM§vv§§▓▓ M§vv§2..§§§§...▓▓ §§v....§§§§§§.▓▓ You could see 3 greater
mummies, 2 reapers, 3 bennus, a mummy priest, a sun demon, a hellwing, a rust
devil, 4 death scarabs and 5 friendly fire vortices.

Vanquished Creatures
  5 juggernauts (Zig:19)
  A pandemonium lord (Zig:20)
  3 ancient liches
  2 greater mummies (Zig:22)
  A shard shrike (Zig:13)
  A Killer Klown (Zig:5)
  Vashnia (Snake:4)
  5 caustic shrikes
  4 golden dragons
  3 Tzitzimimeh (Zig:20)
  2 bone dragons
  7 iron giants
  2 Brimstone Fiends (Zig:20)
  3 Hell Sentinels
  An electric golem (Zig:8)
  4 liches
  Jorgrun (Elf:3)
  5 hellephants
  An Ice Fiend (Zig:20)
  Asterion (Elf:1)
  2 deep elf blademasters (Elf:3)
  5 titans
  The ghost of Chiseanne the Spriggan Catapult, an adept SpHu of Gozag (Zig:5)
  2 deep elf master archers (Elf:3)
  3 Executioners (Zig:20)
  Gastronok (D:10)
  The ghost of Yehuk the Tortoise, an adept GrFi of Okawaru (Snake:4)
  6 acid blobs
  7 sphinxes
  A kraken (Shoals:4)
  6 ancient champions
  Ilsuiw (Shoals:4)
  A storm dragon (Zig:8)
  9 greater nagas (Snake:4)
  2 tengu reavers
  A warmonger (Zig:20)
  6 revenants
  An azure jelly (Slime:3)
  A draconian monk (Zig:18)
  Wiglaf (Vaults:4)
  14 frost giants
  5 draconian knights
  11 vault wardens
  Maud (Orc:1)
  4 ghost moths
  3 iron dragons
  7 fire giants
  2 emperor scorpions (Zig:12)
  2 draconian scorchers
  2 cacodemons (Zig:20)
  5 deep elf sorcerers
  5 curse skulls
  5 draconian zealots (Zig:18)
  3 draconian shifters
  A caustic shrike zombie (Zig:22)
  2 balrugs (Zig:20)
  4 orc warlords
  4 deep elf elementalists (Elf:3)
  11 ironheart preservers
  6 draconian callers
  9 reapers
  18 very ugly things
  8 draconian annihilators
  4 spriggan defenders (Depths:3)
  2 juggernaut zombies
  10 war gargoyles
  2 blood saints (Zig:20)
  23 stone giants
  2 salamander stormcallers
  8 deep elf demonologists
  A green draconian (Zig:18)
  A corrupter (Zig:20)
  4 lorocyprocas (Zig:20)
  7 vampire knights
  8 deep elf annihilators
  Nessos (Lair:5)
  2 chaos champions (Zig:20)
  A red draconian (Zig:18)
  4 black suns
  A spark wasp (shapeshifter) (Depths:4)
  6 spark wasps
  A white draconian (Zig:18)
  A yellow draconian (Zig:7)
  4 dire elephants
  3 mottled draconians (Zig:18)
  5 crystal guardians
  3 eidola
  3 blizzard demons
  5 deep elf death magi
  A fire dragon (shapeshifter) (Depths:4)
  Snorg (D:11)
  3 green deaths (Zig:20)
  A mummy priest (Zig:22)
  A minotaur (Lab)
  9 merfolk impalers
  6 fire dragons
  26 ettins
  14 yaktaur captains
  A great orb of eyes (shapeshifter) (Depths:4)
  4 deep elf high priests (Elf:3)
  5 merfolk javelineers
  10 great orbs of eyes
  12 naga warriors
  Harold (D:12)
  13 hydras
  3 rakshasas
  9 entropy weavers
  13 ice dragons
  11 anacondas
  2 hell beasts (Zig:20)
  6 merfolk avatars
  4 spriggan air magi
  7 catoblepae
  10 centaur warriors
  A ghost crab (shapeshifter) (Zig:15)
  An anaconda (shapeshifter) (Depths:4)
  2 death knights
  16 ogre magi
  Erica (D:11)
  An alligator snapping turtle (Shoals:4)
  23 death yaks
  2 alligators (shapeshifter) (Depths:4)
  8 merfolk aquamancers
  A tengu warrior (Depths:3)
  4 satyrs
  30 dancing weapons
  6 vampire magi
  5 deep troll shamans
  5 deep troll earth magi (Depths:3)
  A queen ant (shapeshifter) (Zig:14)
  An iron giant zombie (Zig:13)
  13 shock serpents
  4 spriggan berserkers
  A storm dragon zombie (Vaults:3)
  11 naga sharpshooters
  A sun demon (Depths:3)
  12 orc high priests
  A shock serpent (shapeshifter) (Depths:4)
  2 soul eaters (Zig:16)
  19 deep elf knights
  A fire crab (shapeshifter) (Depths:4)
  3 spriggans (Depths:3)
  The ghost of bananaglory the Quickloader, a novice TeHu of Okawaru (D:8)
  2 skeletal warriors
  Nergalle (Orc:1)
  2 fire crabs
  A hell knight (Vaults:2)
  3 iron trolls
  5 iron golems (Zig:21)
  11 shadow wraiths
  A storm dragon skeleton (Zig:13)
  2 spark wasp zombies
  A golden dragon zombie (Zig:13)
  A giant orange brain (shapeshifter) (Zig:14)
  3 unseen horrors
  3 spriggan druids
  2 giant orange brains
  4 flayed ghosts
  20 deep trolls
  14 sea snakes
  13 naga ritualists
  2 anubis guards (Zig:22)
  10 salamander mystics
  13 ironbrand convokers
  A sphinx zombie (Zig:9)
  A lindwurm (shapeshifter) (Zig:15)
  A torturous demonspawn (Zig:20)
  A wolf spider zombie (D:11)
  Pikel (D:6)
  A harpy (shapeshifter) (Depths:3)
  7 hill giants
  2 golden dragon skeletons
  2 wizards
  10 deep elf archers
  A shadow dragon zombie (Zig:13)
  5 necromancers
  3 orb spiders (Zig:12)
  An orange crystal statue (Zig:8)
  5 phantasmal warriors
  14 orc knights
  50 deep elf magi
  9 wolf spiders
  10 harpies
  13 mana vipers
  A sphinx skeleton (Zig:13)
  3 fire giant zombies
  18 griffons
  60 ugly things
  14 manticores
  A tengu skeleton (Depths:2)
  6 orc sorcerers
  9 fauns
  6 oklob plants
  10 cyclopes
  15 salamanders
  7 shining eyes
  A human zombie (Vaults:3)
  A hornet (Zig:15)
  A frost giant skeleton (Depths:2)
  5 rust devils
  3 centaur zombies
  12 sirens
  8 elephants
  2 guardian serpents (shapeshifter)
  2 smoke demons
  A moth of wrath (shapeshifter) (Zig:15)
  A water nymph (shapeshifter) (Zig:14)
  2 elf zombies
  2 stone giant skeletons
  9 moths of wrath
  12 vault sentinels
  9 guardian serpents
  An elephant (shapeshifter) (Zig:15)
  2 eyes of devastation (Slime:4)
  27 naga magi
  9 gargoyles (Zig:21)
  2 octopodes (shapeshifter)
  54 black mambas
  3 fire giant skeletons
  A spiny frog (shapeshifter) (D:11)
  2 torpor snails (shapeshifter)
  5 water nymphs
  2 torpor snails
  5 hellions
  6 rime drakes
  6 komodo dragons
  47 yaktaurs
  17 spiny frogs
  2 demonic crawlers (Zig:12)
  12 freezing wraiths
  A tormentor (Zig:11)
  3 tengu conjurers
  5 guardian mummies (Zig:22)
  3 red devils
  A queen bee (Lair:2)
  4 ice devils
  34 merfolk
  7 polar bears
  8 trolls
  An elf skeleton (Zig:13)
  5 jumping spiders
  A yaktaur skeleton (Vaults:3)
  A polar bear (shapeshifter) (Vaults:1)
  2 human skeletons (Vaults:3)
  31 two-headed ogres
  A two-headed ogre (shapeshifter) (Depths:3)
  A wind drake (Shoals:2)
  2 ushabtiu (Zig:22)
  10 boulder beetles
  2 frost giant simulacra
  Grinder (D:6)
  20 blink frogs
  A sphinx simulacrum (Depths:2)
  A minotaur skeleton (Lab)
  A wind drake (shapeshifter) (Vaults:3)
  2 raiju
  10 snapping turtles
  2 boulder beetles (shapeshifter)
  3 flying skulls (Zig:22)
  68 slime creatures
  Duvessa (D:6)
  14 redbacks
  4 spriggan zombies
  A redback (shapeshifter) (Depths:4)
  2 air elementals (Zig:8)
  19 water elementals
  5 wraiths
  An elf simulacrum (Depths:2)
  A shadow (Lab)
  3 tarantellas
  4 wyverns
  2 vampires
  6 basilisks
  5 fire elementals
  3 humans (Elf:3)
  A golden eye (shapeshifter) (Depths:2)
  14 hippogriffs
  2 steam dragons
  3 chaos spawn
  2 neqoxecs
  11 golden eyes
  58 yaks
  2 hungry ghosts
  A yaktaur simulacrum (Vaults:3)
  17 vampire mosquitoes
  A swamp worm (shapeshifter) (Depths:4)
  55 nagas
  7 wargs
  An insubstantial wisp (Depths:4)
  4 mottled dragons
  16 water moccasins
  9 porcupines
  A soldier ant (D:15)
  A giant eyeball (shapeshifter) (Zig:14)
  A hell hound (Zig:9)
  2 sky beasts (D:7)
  2 phantoms
  60 orc warriors
  7 black bears (Lair:2)
  3 ice beasts
  An ice beast (shapeshifter) (Depths:4)
  2 slaves (D:6)
  3 wasps (Depths:3)
  A tengu (shapeshifter) (Vaults:3)
  2 necrophages
  10 wolves
  A wasp (shapeshifter) (Depths:1)
  3 eyes of draining
  69 ogres
  An ogre (shapeshifter) (Vaults:1)
  An ettin simulacrum (Vaults:1)
  3 boggarts (Depths:4)
  25 centaurs
  24 crocodiles
  2 big kobolds
  Blork the orc (D:5)
  5 earth elementals
  20 giant frogs
  2 gnoll sergeants
  3 scorpions
  22 killer bees
  4 wights (D:9)
  2 electric eels (Snake:2)
  3 howler monkeys
  11 crimson imps
  A giant frog zombie (D:11)
  A human simulacrum (Vaults:1)
  A quasit (Depths:3)
  3 hounds
  19 jellies
  3 gnoll shamans
  15 orc priests
  A giant frog skeleton (D:5)
  7 iron imps
  25 orc wizards
  13 iguanas
  Crazy Yiuf (D:7)
  3 centaur skeletons
  A lightning spire (Zig:17)
  11 worker ants
  A killer bee zombie (D:11)
  53 sheep
  2 hound skeletons
  8 mummies
  4 worker ant zombies
  A howler monkey skeleton (D:4)
  2 howler monkey zombies
  12 adders
  26 gnolls
  83 river rats
  5 shadow imps
  3 white imps
  3 oozes
  3 adder skeletons
  A worm (D:2)
  A dart slug (D:2)
  4 giant geckos
  62 orcs
  6 giant cockroaches
  9 goblins
  8 hobgoblins
  21 jackals
  3 quokkas
  2 ball pythons
  9 bats
  5 giant newts
  19 kobolds
  5 rats
  2 bushes (Lair:8)
  A crawling corpse (Elf:3)
  5 fire vortices
  10 fungi
  3 lost souls (Zig:22)
  30 plants
  A spectral weapon (Elf:1)
2704 creatures vanquished.

Vanquished Creatures (collateral kills)
  An acid blob (Slime:3)
  A storm dragon (Zig:8)
  An iron dragon (Zig:21)
  A juggernaut zombie (Zig:22)
  An orc warlord (Zig:19)
  A very ugly thing (Vaults:4)
  An ironheart preserver (Zig:15)
  A chaos champion (Zig:5)
  An orange crystal statue (WizLab)
  A mummy priest (Zig:22)
  2 ettins
  A death yak (Depths:3)
  An iron giant skeleton (Zig:9)
  A deep elf knight (Elf:1)
  An iron troll (Zig:19)
  An ironbrand convoker (Vaults:1)
  2 ugly things (Depths:1)
  A wizard (Vaults:3)
  A deep elf mage (Elf:3)
  A griffon (Zig:17)
  A frost giant zombie (Zig:9)
  A wolf spider (Zig:12)
  A fire giant skeleton (Vaults:3)
  2 stone giant skeletons (Vaults:3)
  2 yaktaurs (Vaults:4)
  A two-headed ogre (Depths:1)
  A slime creature (Vaults:1)
  3 redbacks (Vaults:3)
  A hippogriff (Zig:17)
  A vampire mosquito (Vaults:3)
  Menkaure (D:6)
  The ghost of Chiseanne the Vandal, an amateur DEAM (D:3)
  A giant eyeball (Depths:2)
  A human zombie (Vaults:3)
  A boggart (Depths:4)
  An eye of draining (Slime:3)
  A centaur (Vaults:2)
  3 killer bees (Lair:2)
  A jelly (Slime:3)
  A sheep (Zig:17)
  A river rat (Zig:17)
  7 orcs
  A crawling corpse (Elf:3)
57 creatures vanquished.

Vanquished Creatures (others)
  A merfolk avatar (Shoals:4)
  2 slaves (D:6)
  Dowan (D:6)
  A killer bee (Lair:2)
  4 gnolls (D:3)
  756 fire vortices
  37 fungi
  5 lost souls (Zig:22)
  20 plants
827 creatures vanquished.

Grand Total: 3588 creatures vanquished

Notes
Turn   | Place    | Note
--------------------------------------------------------------
     0 | D:1      | Moloch the Demonspawn Wizard began the quest for the Orb.
     0 | D:1      | Reached XP level 1. HP: 13/13 MP: 4/4
   644 | D:1      | Gained mutation: Your flesh is cold resistant. [demonic ancestry]
   644 | D:1      | Reached XP level 2. HP: 19/19 MP: 3/6
   656 | D:1      | You fall through a shaft!
   812 | D:2      | Learned a level 2 spell: Blink
   815 | D:2      | Learned a level 2 spell: Call Imp
   864 | D:2      | Reached skill level 2 in Conjurations
   864 | D:2      | Gained mutation: You have a pair of small antennae on your head. [demonic ancestry]
   864 | D:2      | Reached XP level 3. HP: 16/24 MP: 0/8
   980 | D:2      | Found a blossoming altar of Fedhas.
  1147 | D:2      | HP: 1/24 [hobgoblin (4)]
  2062 | D:2      | Reached XP level 4. HP: 30/30 MP: 3/10
  2516 | D:3      | Found a stormy altar of Qazlal.
  2543 | D:3      | Noticed Chiseanne's ghost (amateur DEAM)
  2570 | D:3      | Killed Chiseanne's ghost
  2570 | D:3      | Reached skill level 3 in Conjurations
  2570 | D:3      | Gained mutation: You have a pair of antennae on your head. [demonic ancestry]
  2570 | D:3      | Reached XP level 5. HP: 14/35 MP: 0/11
  2802 | D:3      | Found a faded altar to an unknown god.
  2984 | D:3      | Learned a level 3 spell: Conjure Flame
  2988 | D:3      | Learned a level 3 spell: Mephitic Cloud
  3255 | D:3      | Reached skill level 4 in Conjurations
  3267 | D:3      | Found a stormy altar of Qazlal.
  3369 | D:4      | Noticed an ogre
  3381 | D:4      | Killed an ogre
  3381 | D:4      | Reached skill level 5 in Spellcasting
  3381 | D:4      | Reached XP level 6. HP: 41/41 MP: 3/13
  3896 | D:4      | Reached skill level 1 in Fire Magic
  4094 | D:5      | Entered Level 5 of the Dungeon
  4094 | D:5      | Found a shattered altar of Ashenzari.
  4386 | D:5      | Reached skill level 5 in Conjurations
  4386 | D:5      | Reached XP level 7. HP: 46/46 MP: 5/15
  5056 | D:5      | Noticed Blork the orc
  5195 | D:5      | Killed Blork the orc
  5195 | D:5      | Reached skill level 6 in Conjurations
  5382 | D:6      | Noticed Pikel
  5479 | D:6      | Killed Pikel
  5479 | D:6      | Reached skill level 7 in Conjurations
  5479 | D:6      | Reached XP level 8. HP: 51/52 MP: 3/17
  5628 | D:6      | Noticed Grinder
  5644 | D:6      | Killed Grinder
  5732 | D:6      | Noticed Duvessa
  5732 | D:6      | Noticed Dowan
  5735 | D:6      | Noticed Menkaure
  5943 | D:6      | Killed Dowan
  6111 | D:6      | Killed Menkaure
  6324 | D:6      | Killed Duvessa
  6411 | D:6      | Reached skill level 8 in Conjurations
  6575 | D:6      | Got a transparent robe
  6586 | D:6      | Identified the +1 robe of Xet Kyuj {+Fly rN+ rCorr Str+6} (You found it on level 6 of the Dungeon)
  6645 | D:6      | Found a staircase to the Ecumenical Temple.
  6731 | Temple   | Entered the Ecumenical Temple
  6748 | Temple   | Became a worshipper of Vehumet
  6835 | D:7      | Found a shadowy altar of Dithmenos.
  7039 | D:7      | Noticed Joseph
  7091 | D:7      | Found a shimmering altar of Xom.
  7193 | D:7      | Gained mutation: You are partially covered in thin metallic scales (AC +2). [demonic ancestry]
  7193 | D:7      | Reached XP level 9. HP: 57/57 MP: 16/20
  8168 | D:7      | Noticed Crazy Yiuf
  8178 | D:7      | Killed Crazy Yiuf
  8599 | D:7      | Reached * piety under Vehumet
  8599 | D:7      | Offered knowledge of Freeze by Vehumet.
  8628 | D:7      | Reached skill level 9 in Conjurations
  9000 | D:7      | Gained mutation: Your flesh is heat resistant. [mutagenic meat]
  9001 | D:7      | Gained mutation: You are dopey. (Int -2) [mutagenic meat]
  9002 | D:7      | Gained mutation: Your body sometimes deteriorates upon taking damage. [mutagenic meat]
  9003 | D:7      | Gained mutation: You passively map a small area around you. [mutagenic meat]
  9004 | D:7      | Gained mutation: Scrolls take you a little longer to read. [mutagenic meat]
  9005 | D:7      | Gained mutation: You have a pair of large antennae on your head (SInv). [mutagenic meat]
  9613 | D:8      | Noticed bananaglory's ghost (novice TeHu)
  9619 | D:8      | Killed bananaglory's ghost
  9784 | D:8      | Identified Sif Muna's Catalogue of Bewitchment
  9803 | D:8      | Found a deep blue altar of Sif Muna.
 10107 | D:8      | Reached XP level 10. HP: 63/63 MP: 9/22
 10131 | D:8      | Reached skill level 10 in Conjurations
 10274 | D:8      | Found an iron altar of Okawaru.
 10390 | D:8      | Found an ancient bone altar of Kikubaaqudgha.
 10433 | D:9      | Got a transparent cloak
 10444 | D:9      | Identified the +0 cloak "Hylur" {MP+9 Slay+2 SInv} (You found it on level 9 of the Dungeon)
 10743 | D:9      | Found a snail-covered altar of Cheibriados.
 10756 | D:9      | Offered knowledge of Throw Frost by Vehumet.
 10769 | D:9      | Reached skill level 5 in Fire Magic
 10876 | D:9      | Found a white marble altar of Elyvilon.
 10910 | D:9      | Found Butt's Book Boutique.
 10917 | D:9      | Reached ** piety under Vehumet
 11575 | D:9      | Found a staircase to the Lair.
 11629 | D:10     | Entered Level 10 of the Dungeon
 11735 | D:10     | Reached skill level 10 in Spellcasting
 11971 | D:10     | Noticed Gastronok
 13010 | D:10     | Offered knowledge of Stone Arrow by Vehumet.
 13228 | D:10     | Killed Gastronok
 13228 | D:10     | Reached skill level 11 in Conjurations
 13228 | D:10     | Mutation became permanent: You have a pair of large antennae on your head (SInv). [demonic ancestry]
 13228 | D:10     | Reached XP level 11. HP: 68/68 MP: 25/25
 13524 | D:10     | Noticed an unseen horror
 13538 | D:10     | Killed an unseen horror
 13635 | D:11     | Noticed a hill giant
 13722 | D:11     | Reached *** piety under Vehumet
 13920 | D:11     | Found Piorenex's General Store.
 14030 | D:11     | Noticed Erica
 14239 | D:11     | Killed a hill giant
 14258 | D:11     | Offered knowledge of Inner Flame by Vehumet.
 14429 | D:11     | Noticed a hill giant
 14493 | D:11     | Killed a hill giant
 14495 | D:11     | HP: 3/68 [wolf spider zombie (16)]
 14499 | D:11     | Killed Erica
 14980 | D:11     | Found a staircase to the Orcish Mines.
 15067 | D:11     | Noticed a skeletal warrior
 15107 | D:11     | Noticed a death knight
 15303 | Orc:1    | Entered Level 1 of the Orcish Mines
 15303 | Orc:1    | Noticed Snorg
 15347 | D:10     | Noticed a hill giant
 15450 | D:11     | Killed Snorg
 15450 | D:11     | Reached skill level 12 in Conjurations
 15490 | D:11     | Noticed a phantasmal warrior
 15567 | D:10     | Killed a hill giant
 15794 | Lair:1   | Entered Level 1 of the Lair of Beasts
 15979 | Lair:1   | Reached **** piety under Vehumet
 16308 | Lair:1   | Reached skill level 1 in Poison Magic
 16351 | Lair:1   | Reached XP level 12. HP: 74/74 MP: 28/28
 16367 | Lair:1   | Learned a level 6 spell: Poison Arrow
 16905 | Lair:2   | Offered knowledge of Irradiate by Vehumet.
 17720 | Lair:2   | Reached ***** piety under Vehumet
 17733 | Lair:2   | Offered knowledge of Orb of Destruction by Vehumet.
 17867 | Lair:2   | Learned a level 7 spell: Orb of Destruction
 18783 | Lair:3   | Noticed a seven-headed hydra
 18787 | Lair:3   | Killed a seven-headed hydra
 19744 | Lair:4   | Got a tattered robe
 19766 | Lair:4   | Identified the +0 robe of Radanem {Str+2} (You found it on level 4 of the Lair of Beasts)
 19975 | Lair:4   | Found a staircase to the Shoals.
 20128 | Lair:4   | Reached skill level 13 in Conjurations
 20132 | Lair:4   | Noticed a four-headed hydra
 20142 | Lair:4   | Killed a four-headed hydra
 20200 | Lair:5   | Noticed a seven-headed hydra
 20203 | Lair:5   | Killed a seven-headed hydra
 20330 | Lair:5   | Noticed Nessos
 20363 | Lair:5   | Killed Nessos
 20524 | Lair:5   | Noticed a catoblepas
 20528 | Lair:5   | Killed a catoblepas
 20528 | Lair:5   | Reached XP level 13. HP: 54/79 MP: 30/30
 22005 | Lair:6   | Found a staircase to the Snake Pit.
 22008 | Lair:6   | Found a labyrinth entrance.
 22057 | Lair:6   | Offered knowledge of Venom Bolt by Vehumet.
 22104 | Lab      | Entered a labyrinth
 22600 | Lab      | Noticed a minotaur
 22603 | Lab      | Killed a minotaur
 22623 | Lab      | Got a warped morningstar
 22624 | Lab      | Identified the +7 morningstar of Ru's Benevolence {crush, MR+} (You found it in a labyrinth)
 22812 | Lair:6   | Found a glowing silver altar of Zin.
 23038 | Lair:6   | Found a viscous altar of Jiyva.
 23038 | Lair:6   | Found a staircase to the Slime Pits.
 23278 | Lair:6   | Found a blossoming altar of Fedhas.
 23818 | Lair:7   | Reached skill level 14 in Conjurations
 24433 | Lair:7   | Offered knowledge of Bolt of Fire by Vehumet.
 24481 | Lair:7   | Learned a level 6 spell: Bolt of Fire
 24915 | Lair:8   | Entered Level 8 of the Lair of Beasts
 25396 | Lair:8   | Reached skill level 15 in Spellcasting
 25447 | Lair:8   | Gained mutation: When hurt, damage is shared between your health and your magic reserves. [demonic ancestry]
 25447 | Lair:8   | Reached XP level 14. HP: 85/85 MP: 33/33
 26678 | Lair:8   | Reached skill level 10 in Fire Magic
 27672 | Orc:1    | Noticed Nergalle
 27675 | Orc:1    | Killed Nergalle
 28129 | Orc:1    | Found Plog's Weapon Boutique.
 28146 | Orc:1    | Noticed Maud
 28154 | Orc:1    | Killed Maud
 28306 | Orc:1    | Offered knowledge of Bolt of Magma by Vehumet.
 28636 | Orc:2    | Entered Level 2 of the Orcish Mines
 28639 | Orc:2    | Noticed an orc warlord
 28819 | Orc:2    | Found Foxtampurch's Book Shop.
 28992 | Orc:2    | Gained mutation: You are immune to freezing clouds. [demonic ancestry]
 28992 | Orc:2    | Reached XP level 15. HP: 67/90 MP: 25/35
 29529 | Orc:2    | Killed an orc warlord
 29560 | Orc:2    | Found Bial's General Store.
 29617 | Orc:2    | Found Jompefoa's Antique Weapon Boutique.
 29727 | Orc:2    | Found Xotukhlaa's Antique Armour Boutique.
 30080 | Orc:2    | Found a staircase to the Elven Halls.
 30080 | Orc:2    | Found Linezun's Gadget Boutique.
 30082 | Orc:2    | Bought a potion of magic for 80 gold pieces
 30535 | D:12     | Reached ****** piety under Vehumet
 30539 | D:12     | Found Poum's Book Boutique.
 30569 | D:12     | Noticed Harold
 30589 | D:12     | Killed Harold
 30686 | D:12     | Offered knowledge of Ozocubu's Refrigeration by Vehumet.
 30711 | D:12     | Noticed Liquid's ghost (journeyman SpEn)
 31079 | D:13     | Found Vaoq's Distillery.
 31086 | D:13     | Bought a potion of experience for 800 gold pieces
 31086 | D:13     | Bought a potion of resistance for 160 gold pieces
 31254 | D:13     | Gained mutation: You evolve. [mutagenic meat]
 31255 | D:13     | Lost mutation: You are dopey. (Int -2) [mutagenic meat]
 31256 | D:13     | Lost mutation: Your body sometimes deteriorates upon taking damage. [mutagenic meat]
 31257 | D:13     | Lost mutation: You evolve. [mutagenic meat]
 31692 | D:13     | Gained mutation: You are resistant to hostile enchantments. [mutagenic meat]
 31753 | D:14     | Gained mutation: You are robust (+10% HP). [mutagenic meat]
 31754 | D:14     | Gained mutation: You are very robust (+20% HP). [mutagenic meat]
 31756 | D:14     | Gained mutation: You have large cloven feet. [mutagenic meat]
 31757 | D:14     | Gained mutation: You are dopey. (Int -2) [mutagenic meat]
 31759 | D:14     | Lost mutation: You are resistant to hostile enchantments. [mutagenic meat]
 31792 | D:14     | Found a gate to the Vaults.
 32129 | D:14     | Found an iron altar of Okawaru.
 32251 | D:14     | Gained mutation: You are occasionally teleported next to monsters. [mutagenic meat]
 32254 | D:14     | Lost mutation: You are very robust (+20% HP). [mutagenic meat]
 32264 | D:14     | Gained mutation: You have hoof-like feet. [potion of mutation]
 32264 | D:14     | Gained mutation: You are agile. (Dex +2) [potion of mutation]
 32264 | D:14     | Gained mutation: Your magical capacity is low (-10% MP). [potion of mutation]
 32265 | D:14     | Lost mutation: Scrolls take you a little longer to read. [potion of cure mutation]
 32265 | D:14     | Lost mutation: You passively map a small area around you. [potion of cure mutation]
 32265 | D:14     | Lost mutation: You are occasionally teleported next to monsters. [potion of cure mutation]
 32265 | D:14     | Lost mutation: You are dopey. (Int -2) [potion of cure mutation]
 32265 | D:14     | Lost mutation: You are agile. (Dex +2) [potion of cure mutation]
 32265 | D:14     | Lost mutation: Your magical capacity is low (-10% MP). [potion of cure mutation]
 32419 | D:15     | Entered Level 15 of the Dungeon
 32924 | D:15     | Found a staircase to the Depths.
 33475 | Lair:2   | Got a heavily jewelled robe
 33486 | Lair:2   | Identified the cursed +0 robe of Rimuvy {*Contam rF- rN+++ Slay+4} (You found it on level 2 of the Lair of Beasts)
 33664 | Snake:1  | Entered Level 1 of the Snake Pit
 33665 | Snake:1  | Offered knowledge of Spellforged Servitor by Vehumet.
 34250 | Snake:1  | Gained mutation: You regenerate magic rapidly. [demonic ancestry]
 34250 | Snake:1  | Reached XP level 16. HP: 85/105 MP: 34/37
 34883 | Snake:2  | Found Inkevot's Weapon Emporium.
 35475 | Snake:2  | Gained mutation: You are agile. (Dex +2) [mutagenic meat]
 35476 | Snake:2  | Gained mutation: You are very robust (+20% HP). [mutagenic meat]
 35477 | Snake:2  | Gained mutation: Your body sometimes deteriorates upon taking damage. [mutagenic meat]
 35478 | Snake:2  | Lost mutation: Your body sometimes deteriorates upon taking damage. [mutagenic meat]
 35479 | Snake:2  | Gained mutation: You occasionally shout uncontrollably at your foes. [mutagenic meat]
 36272 | Snake:3  | Learned a level 7 spell: Spellforged Servitor
 36364 | Snake:3  | Offered knowledge of Poisonous Cloud by Vehumet.
 36364 | Snake:3  | Reached skill level 15 in Fire Magic
 36805 | Snake:3  | Found Wasick's Assorted Antiques.
 36815 | Snake:3  | Bought a scroll labeled TISUFFA HEO for 26 gold pieces
 37053 | Snake:4  | Entered Level 4 of the Snake Pit
 37182 | Snake:4  | Noticed Yehuk's ghost (adept GrFi)
 37210 | Snake:4  | Killed Yehuk's ghost
 37337 | Snake:4  | Gained mutation: You are resistant to hostile enchantments. [mutagenic meat]
 37474 | Snake:4  | Gained mutation: A meltable icy envelope protects you from harm (AC +10). [demonic ancestry]
 37474 | Snake:4  | Reached XP level 17. HP: 99/121 MP: 16/39
 37952 | Snake:4  | Got a scorched scale mail
 37953 | Snake:4  | Identified the cursed +1 scale mail "Wize" {rF- Regen+ Slay+3} (You found it on level 4 of the Snake Pit)
 38125 | Snake:4  | Noticed Vashnia
 38214 | Snake:4  | Offered knowledge of Glaciate by Vehumet.
 38214 | Snake:4  | Offered knowledge of Shatter by Vehumet.
 38214 | Snake:4  | Offered knowledge of Tornado by Vehumet.
 38764 | Snake:4  | Killed Vashnia
 39712 | Snake:4  | Got a serpentine rune of Zot
 40070 | Snake:4  | Learned a level 9 spell: Fire Storm
 40223 | Shoals:1 | Entered Level 1 of the Shoals
 40310 | Shoals:1 | Reached XP level 18. HP: 86/128 MP: 12/41
 40463 | Shoals:1 | Learned a level 3 spell: Regeneration
 40511 | Shoals:1 | Reached skill level 15 in Conjurations
 42560 | Shoals:4 | Entered Level 4 of the Shoals
 42679 | Shoals:4 | Noticed Ilsuiw
 43518 | Shoals:4 | Got a wavering crystal amulet
 43800 | Shoals:4 | Reached skill level 16 in Conjurations
 43812 | Shoals:4 | Got a barnacled rune of Zot
 44102 | Shoals:4 | Killed Ilsuiw
 44153 | Shoals:4 | Identified the amulet "Teitt" {Spirit Int+3} (You took it off a merfolk on level 4 of the Shoals)
 44690 | Slime:1  | Entered Level 1 of the Pits of Slime
 44692 | Slime:1  | Gained mutation: Your body sometimes deteriorates upon taking damage. [a shining eye]
 44694 | Slime:1  | Gained mutation: When low on magic, you restore magic in place of health. [demonic ancestry]
 44694 | Slime:1  | Reached XP level 19. HP: 134/134 MP: 42/42
 44760 | Slime:2  | Gained mutation: Potions and wands are less effective at restoring your health. [a shining eye]
 44998 | Slime:2  | Gained mutation: Scrolls take you a little longer to read. [a shining eye]
 45533 | Slime:4  | Lost mutation: You occasionally shout uncontrollably at your foes. [potion of cure mutation]
 45533 | Slime:4  | Lost mutation: Your body sometimes deteriorates upon taking damage. [potion of cure mutation]
 45533 | Slime:4  | Lost mutation: You are agile. (Dex +2) [potion of cure mutation]
 45533 | Slime:4  | Lost mutation: Scrolls take you a little longer to read. [potion of cure mutation]
 45841 | D:13     | Bought a potion of heal wounds for 80 gold pieces
 45841 | D:13     | Bought a potion of haste for 160 gold pieces
 45841 | D:13     | Bought a potion of heal wounds for 80 gold pieces
 45841 | D:13     | Bought a potion of curing for 48 gold pieces
 45841 | D:13     | Bought a potion of haste for 160 gold pieces
 45841 | D:13     | Bought a potion of mutation for 40 gold pieces
 45841 | D:13     | Bought a potion of mutation for 40 gold pieces
 45864 | Vaults:1 | Entered Level 1 of the Vaults
 45985 | Vaults:1 | Lost mutation: Your flesh is heat resistant. [mutagenic meat]
 46040 | Vaults:1 | Reached skill level 17 in Conjurations
 46078 | Vaults:1 | Gained mutation: Your flesh is very cold resistant. [mutagenic meat]
 46227 | Vaults:1 | Gained mutation: You possess an exceptional clarity of mind. [mutagenic meat]
 47412 | Vaults:2 | Gained mutation: You are mostly covered in thin metallic scales (AC +3). [demonic ancestry]
 47412 | Vaults:2 | Reached XP level 20. HP: 133/141 MP: 44/44
 48039 | Vaults:2 | Found Foizaeg's Book Boutique.
 48208 | Vaults:3 | Learned a level 7 spell: Ring of Flames
 48310 | Vaults:3 | Reached skill level 18 in Conjurations
 48972 | Vaults:3 | Found a staircase to the Crypt.
 49488 | Vaults:3 | Got a clouded iron ring
 49801 | Vaults:4 | Gained mutation: You are completely covered in thin metallic scales (AC +4, rElec). [demonic ancestry]
 49801 | Vaults:4 | Reached XP level 21. HP: 147/147 MP: 45/45
 49844 | Vaults:4 | Reached skill level 19 in Conjurations
 50102 | Vaults:4 | Identified the ring of the Blue Skies {+Blink MP-9 AC+4 Dex+5 Stlth-} (You took it off a vault warden on level 3 of the Vaults)
 50569 | Vaults:4 | Noticed Wiglaf
 50570 | Vaults:4 | Killed Wiglaf
 51172 | Vaults:4 | Gained mutation: You are agile. (Dex +2) [potion of beneficial mutation]
 51173 | Vaults:4 | Gained mutation: You resist negative energy. [demonic ancestry]
 51173 | Vaults:4 | Reached XP level 22. HP: 154/154 MP: 47/47
 51443 | Elf:1    | Entered Level 1 of the Elven Halls
 51521 | Elf:1    | Noticed Asterion
 51524 | Elf:1    | Killed Asterion
 51751 | Elf:1    | Reached skill level 20 in Conjurations
 51762 | Elf:1    | Identified Acwupta's Disquisition on Attacks
 52456 | Elf:2    | Found a magical portal.
 52465 | WizLab   | Entered Wucad Mu's Monastery
 52911 | WizLab   | Learned a level 6 spell: Deflect Missiles
 52918 | WizLab   | Learned a level 6 spell: Haste
 52924 | WizLab   | Learned a level 5 spell: Silence
 52939 | WizLab   | Reached XP level 23. HP: 160/160 MP: 48/48
 52940 | WizLab   | Gained mutation: You are covered in fur (AC +1). [potion of beneficial mutation]
 53217 | Elf:2    | Gained mutation: You are somewhat able to resist unholy torments (1 in 2 success). [demonic ancestry]
 53217 | Elf:2    | Reached XP level 24. HP: 193/193 MP: 48/48
 53301 | Elf:2    | Found a runed gate.
 53301 | Elf:2    | Found a runed gate.
 53301 | Elf:2    | Found a runed gate.
 53819 | Elf:3    | Entered Level 3 of the Elven Halls
 53851 | Elf:3    | Found a portal to a secret trove of treasure.
 53868 | Elf:3    | Found Veucs's Gadget Boutique.
 53881 | Elf:3    | Found a deep blue altar of Sif Muna.
 54016 | Elf:3    | Found a flickering gateway to a bazaar.
 54016 | Elf:3    | Noticed Jorgrun
 54019 | Elf:3    | Killed Jorgrun
 54044 | Bazaar   | Entered a bazaar
 54047 | Bazaar   | Found Vuxeirgh's Food Shop.
 54059 | Bazaar   | Found Onus Sau's Distillery.
 54059 | Bazaar   | Found Kaskovint's Armour Shop.
 54087 | Bazaar   | Found Cigas's Food Boutique.
 54117 | Bazaar   | Bought a potion of agility for 36 gold pieces
 54117 | Bazaar   | Bought a potion of curing for 27 gold pieces
 54117 | Bazaar   | Bought a potion of brilliance for 36 gold pieces
 54117 | Bazaar   | Bought 2 potions of brilliance for 72 gold pieces
 54117 | Bazaar   | Bought a potion of might for 36 gold pieces
 54117 | Bazaar   | Bought a potion of cancellation for 72 gold pieces
 54117 | Bazaar   | Bought a potion of curing for 27 gold pieces
 54117 | Bazaar   | Bought a potion of heal wounds for 45 gold pieces
 54117 | Bazaar   | Bought a potion of haste for 90 gold pieces
 54117 | Bazaar   | Bought 2 potions of heal wounds for 90 gold pieces
 54339 | Elf:3    | Reached XP level 25. HP: 200/200 MP: 48/48
 54518 | Elf:3    | Identified the Almanac of Sinister Stones
 54524 | Elf:3    | Identified Bymmoz's Volume of Ashen Hexes
 54528 | Elf:3    | Got an amethyst-encrusted chain mail
 54529 | Elf:3    | Identified the +2 chain mail of the Onion {Dex+3} (You found it on level 3 of the Elven Halls)
 54556 | Elf:3    | Got a fine granite ring
 54673 | Elf:3    | Identified the ring "Ufi Ibas" {*Confuse rF+ MR++ Int+3} (You took it off a deep elf demonologist on level 3 of the Elven Halls)
 55362 | Elf:3    | You paid a toll of a +4 ice dragon armour to enter a treasure trove
 55363 | Trove    | Entered a treasure trove
 55439 | Trove    | Got a pitted plate armour
 55440 | Trove    | Identified the +3 plate armour of Sloth {Dex+4} (You found it in a treasure trove)
 55849 | Depths:1 | Entered Level 1 of the Depths
 55860 | Depths:1 | Reached skill level 1 in Necromancy
 56060 | Depths:1 | Found Soraesy's Serpentskin Sales.
 56060 | Depths:1 | Found a gateway to Hell.
 56164 | Depths:1 | Reached skill level 21 in Conjurations
 58044 | Depths:3 | Found a one-way gate leading to the halls of Pandemonium.
 58144 | Depths:3 | Found Wijisiuf's Elemental Accessories.
 58217 | Depths:3 | Gained mutation: Your melee attacks may debilitate your foes. [demonic ancestry]
 58217 | Depths:3 | Reached XP level 26. HP: 210/219 MP: 43/49
 58273 | Depths:3 | Reached skill level 10 in Fighting
 58767 | Depths:3 | Reached skill level 5 in Necromancy
 59005 | Depths:3 | Reached skill level 1 in Shields
 59177 | Depths:4 | Found a one-way gate to the infinite horrors of the Abyss.
 59258 | Depths:4 | Reached skill level 22 in Conjurations
 59522 | Depths:4 | Reached skill level 5 in Shields
 59522 | Depths:4 | Reached XP level 27. HP: 230/230 MP: 49/49
 59858 | Depths:4 | Reached skill level 1 in Charms
 59879 | Depths:4 | Found a gateway to a ziggurat.
 60355 | D:9      | Bought an Akashic Record for 1545 gold pieces
 60355 | D:9      | Bought a book of Alchemy for 1050 gold pieces
 60359 | D:9      | Learned a level 2 spell: Sublimation of Blood
 60368 | D:9      | Learned a level 8 spell: Controlled Blink
 60380 | D:9      | Learned a level 8 spell: Death's Door
 60608 | Zig:1    | Entered Level 1 of a ziggurat
 60634 | Zig:2    | Entered Level 2 of a ziggurat
 60668 | Zig:2    | Learned a level 8 spell: Necromutation
 60670 | Zig:3    | Entered Level 3 of a ziggurat
 60704 | Zig:4    | Entered Level 4 of a ziggurat
 60749 | Zig:5    | Entered Level 5 of a ziggurat
 60749 | Zig:5    | Noticed Chiseanne's ghost (adept SpHu)
 60751 | Zig:5    | Killed Chiseanne's ghost
 60773 | Zig:5    | Identified the Almanac of the Valley
 60795 | Zig:6    | Entered Level 6 of a ziggurat
 60844 | Zig:7    | Entered Level 7 of a ziggurat
 60869 | Zig:7    | Identified the Handbook of Bewitchment and Evil Rituals
 60981 | Zig:8    | Entered Level 8 of a ziggurat
 61029 | Zig:8    | Got a shimmering marble ring
 61031 | Zig:8    | Identified the cursed ring of Otoru {rPois MR+ EV-2 Int+6 Dex-5} (You found it on level 8 of a ziggurat)
 61061 | Zig:9    | Entered Level 9 of a ziggurat
 61101 | Zig:9    | Identified a +9 rod of inaccuracy (11/11) (You found it on level 9 of a ziggurat)
 61142 | Zig:10   | Entered Level 10 of a ziggurat
 61279 | Zig:11   | Entered Level 11 of a ziggurat
 61316 | Zig:11   | Got a glittering emerald amulet
 61317 | Zig:11   | Identified the amulet "Zomero" {Harm *Drain Fragile rF+ rC+ Int+2} (You found it on level 11 of a ziggurat)
 61352 | Zig:12   | Entered Level 12 of a ziggurat
 61384 | Zig:12   | Got a scorched copper ring
 61387 | Zig:12   | Identified the ring of Xom's Delight {+Fly AC+3 Int+2} (You found it on level 12 of a ziggurat)
 61410 | Zig:13   | Entered Level 13 of a ziggurat
 61420 | Zig:13   | Reached skill level 23 in Conjurations
 61438 | Zig:13   | Got a bound pewter ring
 61440 | Zig:13   | Identified the ring "Xuteutzo" {*Tele rC+} (You found it on level 13 of a ziggurat)
 61479 | Zig:13   | Got a clouded zirconium amulet
 61480 | Zig:13   | Identified the amulet "Qonetwil" {Harm *Drain Dex+4 Stlth+} (You found it on level 13 of a ziggurat)
 61484 | Zig:13   | Gained mutation: Your natural rate of healing is unusually fast. [potion of beneficial mutation]
 61498 | Zig:13   | Got a transparent scale mail
 61500 | Zig:13   | Identified the +9 scale mail of the Clam {*Contam MR+ Dex+7} (You found it on level 13 of a ziggurat)
 61511 | Zig:14   | Entered Level 14 of a ziggurat
 61522 | Zig:14   | Noticed an ancient lich
 61524 | Zig:14   | Killed an ancient lich
 61524 | Zig:14   | Reached skill level 1 in Armour
 61567 | Zig:14   | Got a thick robe
 61568 | Zig:14   | Identified the cursed +0 robe "Vucw" {rF++ rCorr} (You found it on level 14 of a ziggurat)
 61586 | Zig:14   | Got a slimy copper amulet
 61589 | Zig:14   | Identified the amulet "Aruzoiq" {Regen+ Str+6 Int+4} (You found it on level 14 of a ziggurat)
 61594 | Zig:14   | Reached skill level 5 in Charms
 61600 | Zig:14   | Got a dazzling chain mail
 61601 | Zig:14   | Identified the cursed +1 chain mail of Lies {MR+} (You found it on level 14 of a ziggurat)
 61605 | Zig:15   | Entered Level 15 of a ziggurat
 61614 | Zig:15   | Noticed an ancient lich
 61617 | Zig:15   | Killed an ancient lich
 61621 | Zig:15   | Noticed an ancient lich
 61625 | Zig:15   | Killed an ancient lich
 61641 | Zig:15   | Got a pair of slimy gloves
 61652 | Zig:15   | Identified the +1 pair of gloves "Foco Duti" {rC+} (You found it on level 15 of a ziggurat)
 61665 | Zig:15   | Got an encrusted ring mail
 61666 | Zig:15   | Identified the +5 ring mail of Yfoq {*Drain rC+ Int+3} (You found it on level 15 of a ziggurat)
 61674 | Zig:16   | Entered Level 16 of a ziggurat
 61685 | Zig:16   | Reached skill level 1 in Air Magic
 61714 | Zig:16   | Got a twitching lead ring
 61716 | Zig:16   | Identified the ring "Orucuf" {SustAt Str+4 Int+3} (You found it on level 16 of a ziggurat)
 61754 | Zig:17   | Entered Level 17 of a ziggurat
 61795 | Zig:17   | Got a flickering steel ring
 61799 | Zig:17   | Identified the ring "Koniopnu" {rC++ MP+9 Str-3} (You found it on level 17 of a ziggurat)
 61812 | Zig:17   | Got a steaming platinum ring
 61814 | Zig:17   | Identified the ring of Ekesau {SustAt rF- MR+ Int+3 SInv} (You found it on level 17 of a ziggurat)
 61821 | Zig:17   | Reached skill level 5 in Armour
 61844 | Zig:18   | Entered Level 18 of a ziggurat
 61856 | Zig:18   | Reached skill level 24 in Conjurations
 61858 | Zig:18   | Reached skill level 10 in Necromancy
 61901 | Zig:18   | Got a steaming morningstar
 61902 | Zig:18   | Identified the +4 morningstar of Arrival {crush, SInv} (You found it on level 18 of a ziggurat)
 61940 | Zig:18   | Learned a level 9 spell: Tornado
 61943 | Zig:19   | Entered Level 19 of a ziggurat
 61947 | Zig:19   | Noticed a juggernaut
 61950 | Zig:19   | Noticed a juggernaut
 61950 | Zig:19   | Killed a juggernaut
 61950 | Zig:19   | Reached skill level 5 in Air Magic
 61954 | Zig:19   | Noticed a juggernaut
 61955 | Zig:19   | Noticed a juggernaut
 61955 | Zig:19   | Killed a juggernaut
 61956 | Zig:19   | Killed a juggernaut
 61958 | Zig:19   | Killed a juggernaut
 61959 | Zig:19   | Noticed a juggernaut
 61960 | Zig:19   | Killed a juggernaut
 62004 | Zig:19   | Reached skill level 10 in Air Magic
 62038 | Zig:20   | Entered Level 20 of a ziggurat
 62056 | Zig:20   | Noticed Xulatzia the pandemonium lord
 62060 | Zig:20   | Killed Xulatzia the pandemonium lord
 62111 | Zig:20   | Got a coiled zirconium amulet
 62112 | Zig:20   | Identified the amulet of the Peasants {Faith rC+ Str+2} (You found it on level 20 of a ziggurat)
 62135 | Zig:20   | Got a clouded bronze ring
 62136 | Zig:20   | Identified the ring "Gululeh" {rElec rC- MP+9 EV+3 Stlth+} (You found it on level 20 of a ziggurat)
 62162 | Zig:21   | Entered Level 21 of a ziggurat
 62199 | Zig:21   | Reached skill level 15 in Air Magic
 62305 | Zig:21   | Got a distressingly furry plate armour
 62306 | Zig:21   | Identified the +1 plate armour of Arigumu {rElec Str+2} (You found it on level 21 of a ziggurat)
 62312 | Zig:21   | Got a vibrating amber ring
 62316 | Zig:21   | Identified the ring of Agudytum {rCorr rN+++ MP-9 Int+7} (You found it on level 21 of a ziggurat)
 62326 | Zig:21   | Got a heavily runed copper amulet
 62327 | Zig:21   | Identified the amulet "Gaypoilo" {+Rage Int+4} (You found it on level 21 of a ziggurat)
 62428 | Zig:22   | Entered Level 22 of a ziggurat
 62440 | Zig:22   | Noticed a greater mummy
 62444 | Zig:22   | Noticed a greater mummy
 62445 | Zig:22   | Noticed a greater mummy
 62445 | Zig:22   | Killed a greater mummy
 62447 | Zig:22   | Noticed a greater mummy
 62457 | Zig:22   | Noticed a greater mummy
 62459 | Zig:22   | Noticed a greater mummy
 62461 | Zig:22   | Killed a greater mummy
 62465 | Zig:22   | Slain by a reaper

Skill      XL: |  1  2  3  4  5  6  7  8  9 10 11 12 13 14 15 16 17 18 19 20 21 22 23 24 25 26 27 |
---------------+----------------------------------------------------------------------------------+-----
Conjurations   | 2 3 4 5 7 8 9 11 12 13 14 16 17 18 19 20 21 22 24 | 24.1
Spellcasting   | 4 5 6 7 8 10 12 13 15 16 17 18 19 20 21 22 23 | 23.6
Fire Magic     | 1 2 3 4 6 7 8 9 11 13 15 17 18 19 20 21 22 23 | 23.6
Poison Magic   | 2 4 |  4.0
Fighting       | 6 9 10 13 | 13.6
Necromancy     | 4 5 10 | 10.3
Shields        | 5 |  5.1
Charms         | 7 |  7.5
Armour         | 6 |  6.0
Air Magic      | 15 | 15.9
Dodging        | |  1.7
Stealth        | |  1.7
Summonings     | |  1.0
Translocations | |  0.8

Action                   |  1- 3 |  4- 6 |  7- 9 | 10-12 | 13-15 | 16-18 | 19-21 | 22-24 | 25-27 || total
-------------------------+-------+-------+-------+-------+-------+-------+-------+-------+-------++-------
Melee: Dagger            |    55 |    71 |    25 |       |       |       |       |       |       ||   151
       Unarmed           |     1 |       |       |       |       |       |       |       |       ||     1
       Trident           |       |       |     6 |   496 |   310 |       |       |       |       ||   812
       Short sword       |       |       |       |     2 |       |       |       |       |       ||     2
       Staff             |       |       |       |       |    47 |    28 |    31 |     1 |    10 ||   117
 Fire: Blowgun           |       |       |    81 |   210 |       |       |       |       |       ||   291
       Hunting sling     |       |       |     5 |     9 |       |       |       |       |       ||    14
Throw: Stone             |     4 |       |       |       |       |       |       |       |       ||     4
 Cast: Magic Dart        |    86 |   127 |   340 |   179 |       |       |       |       |       ||   732
       Blink             |     2 |       |     4 |    15 |     8 |       |     1 |     3 |       ||    33
       Call Imp          |       |     4 |    13 |     6 |       |       |       |       |       ||    23
       Mephitic Cloud    |       |     8 |    53 |   224 |   132 |       |       |       |       ||   417
       Conjure Flame     |       |     2 |     8 |    30 |       |       |       |       |       ||    40
       Poison Arrow      |       |       |       |    20 |    11 |       |       |       |       ||    31
       Orb of Destructio |       |       |       |    17 |    63 |    59 |    27 |    32 |    99 ||   297
       Bolt of Fire      |       |       |       |       |   316 |   589 |   137 |    11 |    29 ||  1082
       Fire Storm        |       |       |       |       |       |       |   234 |    58 |   367 ||   659
       Ring of Flames    |       |       |       |       |       |       |     1 |       |       ||     1
       Regeneration      |       |       |       |       |       |       |       |       |     5 ||     5
       Haste             |       |       |       |       |       |       |       |       |     3 ||     3
       Sublimation of Bl |       |       |       |       |       |       |       |       |     1 ||     1
       Deflect Missiles  |       |       |       |       |       |       |       |       |     1 ||     1
Evoke: Wand              |       |       |     1 |     4 |     6 |     2 |       |     3 |     1 ||    17
  Use: Scroll            |       |     7 |     2 |     7 |    27 |     5 |     3 |     2 |    34 ||    87
       Potion            |       |       |     6 |     3 |     4 |       |    14 |     6 |    12 ||    45
 Stab: Confused          |       |     3 |     1 |    44 |    45 |       |       |       |       ||    93
  Eat: Chunk             |     3 |     8 |    19 |    40 |   118 |    41 |   104 |    18 |    67 ||   418
       Beef jerky        |       |       |     1 |     2 |     5 |     2 |     1 |     2 |     1 ||    14
       Royal jelly       |       |       |     2 |       |     7 |     6 |     6 |       |     7 ||    28
       Fruit             |       |       |       |     5 |     1 |     7 |       |       |     9 ||    22
       Pizza             |       |       |       |       |       |     1 |       |     2 |     2 ||     5
       Bread ration      |       |       |       |       |       |       |     3 |     2 |     6 ||    11
Armor: Robe              |    24 |    17 |    46 |    64 |    41 |    46 |    36 |    25 |    40 ||   339
       Skin              |       |       |       |       |     8 |       |       |       |       ||     8
Dodge: Dodged            |    72 |    42 |    78 |   137 |    95 |    60 |    28 |    19 |    32 ||   563
       Deflected         |       |       |       |       |       |       |       |       |     3 ||     3
Block: Buckler           |       |       |       |       |       |       |       |       |    22 ||    22
